 Dungeon Crawl Stone Soup version 0.29-a0-359-g541a27f54d (webtiles) character file.

Game seed: 9014714958289712724

422 Colgate the Cutter (level 7, 30/45 HPs)
             Began as a Kobold Brigand on Apr 27, 2022.
             Was a Believer of Sif Muna.
             Got out of the dungeon alive.
             The game lasted 00:12:18 (5087 turns).

Colgate the Cutter (Kobold Brigand)                 Turns: 5087, Time: 00:12:19

Health: 30/45      AC:  7    Str:  9    XL:     7   Next: 17%
Magic:  7/7        EV: 12    Int: 14    God:    Sif Muna [**....]
Gold:   143        SH:  0    Dex: 16    Spells: 6/6 levels left

rFire   . . .      SeeInvis .   a - +2 dagger (speed)
rCold   . . .      Faith    .   (no shield)
rNeg    . . .      Spirit   .   f - +0 ring mail
rPois   .          Reflect  .   h - +0 helmet
rElec   .          Harm     .   c - +0 cloak
rCorr   .          Rampage  .   (no gloves)
Will    .....                   (no boots)
Stlth   +++.......              (no amulet)
HPRegen 0.15/turn               (no ring)
MPRegen 0.10/turn               (no ring)

@: no status effects
A: small, no large weapons, nightstalker 3
a: Renounce Religion, Channel Magic


You escaped.
You worshipped Sif Muna.
Sif Muna was pleased with you.
You visited 1 branch of the dungeon, and saw 3 of its levels.

You collected 143 gold pieces.

Inventory:

Hand Weapons
 a - a +2 dagger of speed (weapon)
 b - a +3 rapier
 r - the +0 mace of Interdependent Arising {elec, Str+2}
   (You found it on level 2 of the Dungeon)

   It occasionally discharges a powerful burst of electricity upon striking a
   foe.
   Str:       It affects your strength (+2).
 w - a +1 short sword of electrocution
Missiles
 d - a throwing net {!f}
 e - 3 curare-tipped darts (quivered)
 g - 9 poisoned darts
Armour
 c - a +0 cloak (worn)
 f - a +0 ring mail (worn)
 h - a +0 helmet (worn)
 i - a +0 robe
Wands
 l - a wand of polymorph (11)
 s - a wand of digging (6) {@v3}
 u - a wand of flame (21)
Scrolls
 m - a scroll of amnesia {unknown}
 t - a scroll of enchant armour {unknown}
 v - a scroll of identify {@r1}
Potions
 j - 2 potions of curing {@q1}
 k - a potion of heal wounds {@q2}
 n - a potion of magic {unknown}
 o - a potion of mutation
 p - a potion of berserk rage
 q - 2 potions of degeneration


   Skills:
 - Level 5.7 Fighting
 - Level 6.1 Short Blades
 - Level 2.1 Throwing
 - Level 1.2 Dodging
 - Level 5.3 Stealth
 + Level 2.1 Conjurations


You had 6 spell levels left.
You didn't know any spells.
Your spell library contained the following spells:

 Spells                   Type           Power      Damage    Failure   Level
 Magic Dart               Conj           20%        1d4       34%         1
 Searing Ray              Conj           10%        2d4       45%         2
 Fulminant Prism          Conj/Hex       1%         3d6       99%         4
 Petrify                  Tmut/Erth      0%         N/A       100%        4
 Metabolic Englaciation   Hex/Ice        0%         N/A       100%        5
 Statue Form              Tmut/Erth      0%         N/A       100%        6


Dungeon Overview and Level Annotations

Branches:
Dungeon (3/15)

Altars:
Sif Muna


Innate Abilities, Weirdness & Mutations

You are small and have problems with some larger weapons.
You are completely attuned to the shadows.


Message History

You hit Ijyb. Ijyb misses you.
You hit Ijyb but do no damage. You hit Ijyb.
You kill Ijyb!
Sif Muna accepts your kill.
Your Conjurations skill increases to level 2!
u - a wand of flame (21)
Things that are here:
a +2 dagger of pain; a +0 ring mail
Okay, then.
Okay, then.
You now have 129 gold pieces (gained 11).
Things that are here:
a +2 dagger of pain; a +0 ring mail
v - a scroll of identify {@r1} You now have 143 gold pieces (gained 14).
You see here a +1 short sword of electrocution.
Item here: a +1 short sword of electrocution.
The floor.
Unknown command.
w - a +1 short sword of electrocution Unknown command.
Okay, then.
Okay, then.
Unknown command.
(D) Dungeon
Where to? (Enter - D:3, ? - help)
What level of the Dungeon? (default 1, ? - help)
You see here a +0 shortbow.
There is a stone staircase leading up here.
You climb upwards.
There is a stone staircase leading down here.
There is a stone staircase leading up here.
You climb upwards.
There is a stone staircase leading down here.
There is an open door here.
There is a shaft here.
There is a staircase leading out of the dungeon here.
Are you sure you want to leave the Dungeon?
This will make you lose the game!
You have escaped!

...###..#####§≈≈≈§§§#####..##...)
..###.### #§≈≈§..§.§§≈# ###.##))÷
..##.## #.......§)..# ##.##.#
>.##.# ######'###### #.##..
.###.##### ####8'8#### ######.#.#
..#.##...###.........###..§##.#.#
#.#.#....##...........##..§≈#.#..
#.#.#....#............##...≈#.##.
#...'........^..@.....8'..(≈+.##.
..#.#....#............'#..(≈#.###
###.#....##...........##(.≈≈#.# #
#.#.##...###.........###..≈##.# #
..##.##### ###8#8'8### #####.##
#.##.# ######'###### #.# ..##.##
#)....§.....# ##.# ...##.###
#§≈≈.....≈§≈# ###.##
##.###..#####≈≈≈≈≈≈≈#####..##


There were no monsters in sight!

Vanquished Creatures
  Grinder (D:3)
  Crazy Yiuf (D:2)
  Ijyb (D:3)
  Robin (D:3)
  7 gnolls
  3 adders (D:3)
  2 dart slugs
  4 ball pythons
  3 endoplasms
  2 giant cockroaches
  6 hobgoblins
  4 jackals
  8 kobolds
  2 quokkas (D:2)
  4 bats
  A frilled lizard (D:2)
  16 goblins
  4 rats
70 creatures vanquished.

Vanquished Creatures (others)
  A bush (D:2)
1 creature vanquished.

Grand Total: 71 creatures vanquished

Notes
Turn   | Place    | Note
-------+----------+-------------------------------------------
     0 | D:1      | Colgate the Kobold Brigand began the quest for the Orb.
     0 | D:1      | Reached XP level 1. HP: 12/12 MP: 1/1
    67 | D:1      | Reached skill level 3 in Short Blades
    84 | D:1      | Reached XP level 2. HP: 17/17 MP: 2/2
   259 | D:1      | Found a faded altar of an unknown god.
   264 | D:1      | Prayed at the altar of an unknown god.
   264 | D:1      | Became a worshipper of Sif Muna the Loreminder
   264 | D:1      | Reached * piety under Sif Muna
   271 | D:1      | Reached skill level 4 in Short Blades
   514 | D:1      | Reached XP level 3. HP: 10/21 MP: 3/3
   944 | D:2      | Reached skill level 5 in Short Blades
  1058 | D:2      | Reached ** piety under Sif Muna
  1111 | D:2      | Found a runed translucent door.
  1114 | D:2      | Noticed Crazy Yiuf
  1395 | D:2      | Reached XP level 4. HP: 4/26 MP: 4/4
  1958 | D:1      | Reached skill level 6 in Short Blades
  2361 | D:2      | Reached XP level 5. HP: 30/31 MP: 5/5
  2912 | D:2      | Killed Crazy Yiuf
  2915 | D:2      | Identified the +0 mace of Interdependent Arising {elec,
                  | Str+2}
  4407 | D:3      | Noticed Grinder
  4413 | D:3      | Killed Grinder
  4414 | D:3      | Reached skill level 5 in Fighting
  4414 | D:3      | Reached XP level 6. HP: 30/41 MP: 6/6
  4520 | D:3      | Noticed Robin
  4529 | D:3      | Killed Robin
  4532 | D:3      | Reached skill level 1 in Conjurations
  4532 | D:3      | Reached XP level 7. HP: 25/45 MP: 7/7
  4964 | D:3      | Noticed Ijyb
  5010 | D:3      | Killed Ijyb
  5087 | D:$      | Got out of the dungeon alive.

Illustrated notes

Levels and vault maps discovered:
D:1:      dpeg_arrival_morbid_curiosity, layout_basic,
          hellmonk_ecumenical_altar_leap_of_faith
D:2:      layout_basic, minmay_hedge_maze, uniq_crazy_yiuf_cottage
D:3:      layout_loops_ring, uniq_ijyb, uniq_grinder, uniq_robin

Skill      XL: |  1  2  3  4  5  6  7 |
---------------+----------------------+-----
Short Blades   | 3 4 5 6 |  6.1
Fighting       | 5 |  5.7
Conjurations   | 1 2 |  2.1
Throwing       | |  2.1
Dodging        | |  1.2
Stealth        | |  5.3

Action                   |  1- 3 |  4- 6 |  7- 9 || total
-------------------------+-------+-------+-------++-------
Melee: Dagger            |    84 |    27 |    86 ||   197
       Rapier            |     2 |    56 |    10 ||    68
       Punch             |       |       |     2 ||     2
Throw: Dart              |     4 |     7 |       ||    11
  Use: Scroll            |       |     7 |       ||     7
 Stab: Sleeping          |    16 |     6 |     5 ||    27
       Distracted        |     2 |     1 |       ||     3
Armor: Ring mail         |    32 |     8 |    20 ||    60
Dodge: Dodged            |    44 |    21 |    30 ||    95

Table legend: (Time is in decaauts)
 A = Elapsed time spent in this place.
 B = Non-inter-level travel time spent in this place.
 C = Inter-level travel time spent in this place.
 D = Time resting spent in this place.
 E = Time spent auto-exploring this place.
 F = Levels seen in this place.
 G = Mean time per level.
                   A        B        C        D        E       F      G
               +--------+--------+--------+--------+--------+-----+--------+
         Total |   5005 |   4811 |    194 |    172 |   4049 |   3 | 1668.3 |
       Dungeon |   5005 |   4811 |    194 |    172 |   4049 |   3 | 1668.3 |
               +--------+--------+--------+--------+--------+-----+--------+

Top non-repeatable levels by time:
     D:2: 2700 daAuts
     D:1: 1701 daAuts
     D:3: 603 daAuts
